 Dungeon Crawl Stone Soup version 0.27.1-3-gb3d3a73c9e (webtiles) character file.

Game seed: 13260254298067710463

30 H0rd4k the Charlatan (level 3, -1/26 HPs)
             Began as a Human Artificer on Oct 11, 2021.
             Slain by Sigmund (6 damage)
             ... on level 2 of the Dungeon.
             The game lasted 00:02:02 (2575 turns).

H0rd4k the Charlatan (Human Artificer)              Turns: 2575, Time: 00:02:02

Health: -1/26      AC:  3    Str: 13    XL:     3   Next: 37%
Magic:  3/3        EV: 11    Int: 11    God:
Gold:   20         SH:  0    Dex: 13    Spells: 2/2 levels left

rFire    . . .     SeeInvis .   i - +0 dagger
rCold    . . .     Faith    .   (no shield)
rNeg     . . .     Spirit   .   b - +0 leather armour
rPois    .         Reflect  .   (no helmet)
rElec    .         Harm     .   (no cloak)
rCorr    .         Rampage  .   (no gloves)
Will     .....                  (no boots)
Stlth    +.........             (no amulet)
HPRegen  0.08/turn              (no ring)
MPRegen  0.08/turn              (no ring)

@: confused, very slow
A: no striking features
a: no special abilities


You were on level 2 of the Dungeon.
You visited 1 branch of the dungeon, and saw 2 of its levels.

You collected 20 gold pieces.

Inventory:

Hand Weapons
 i - a +0 dagger (weapon)
Armour
 b - a +0 leather armour (worn)
Wands
 c - a wand of flame (13) (quivered)
 d - a wand of charming (13)
Scrolls
 h - 2 scrolls of identify {unknown}
Potions
 f - a potion of heal wounds {unknown}
 g - a potion of degeneration {unknown}
 j - a potion of brilliance {unknown}
Miscellaneous
 e - a piece from Xom's chessboard (14/15)


   Skills:
 + Level 1.5 Fighting
 + Level 0.2 Short Blades
 - Level 2.3 Armour
 + Level 1.2 Dodging
 - Level 1.1 Stealth
 + Level 3.5 Evocations


You had 2 spell levels left.
You didn't know any spells.
Your spell library contained the following spells:

 Spells                   Type           Power      Damage    Failure   Level
 Magic Dart               Conj           0%         1d3       41%         1
 Call Imp                 Summ           0%         N/A       56%         2
 Mephitic Cloud           Conj/Pois/Air  0%         N/A       80%         3


Dungeon Overview and Level Annotations

Branches:
Dungeon (2/15)

Altars:

Annotations:
D:2 Sigmund


Message History

The goblin completely misses you.
You closely miss the goblin.
The goblin is heavily wounded.
The goblin barely misses you.
You hit the goblin but do no damage.
The goblin is heavily wounded.
The goblin hits you but does no damage.
You hit the goblin.
You kill the goblin!
You see here a +0 club.
Found a stone staircase leading down.
There is a stone staircase leading down here.
You enter the shallow water.
Moving in this stuff is going to be slow.
Sigmund the Dreaded comes into view.
He is wielding a +0 scythe and wearing a +0 robe of resistance.
Sigmund moves out of view.
Sigmund is nearby!
You make a move on Xom's chessboard...
Sigmund twists and deforms.
Unknown command.
Sigmund barely misses you.
Aiming: Throw Flame
Press: ? - help, Shift-Dir - straight line, f - Sigmund
Aim: Sigmund, wielding a +0 scythe and wearing a +0 robe of resistance (misshapen and mutated, 68% to hit)
The puff of flame misses Sigmund.
You enter the shallow water.
Moving in this stuff is going to be slow.
Sigmund points at you and mumbles some strange words.
The puff of flame hits you! Sigmund gestures at you while chanting.
The magic dart hits you!
* * * LOW HITPOINT WARNING * * *
Aiming: Throw Flame
Press: ? - help, Shift-Dir - straight line, f/p - Sigmund
Aim: Sigmund, wielding a +0 scythe and wearing a +0 robe of resistance (misshapen and mutated, 68% to hit)
The puff of flame hits Sigmund.
Sigmund resists.
Sigmund is lightly wounded.
Sigmund points at you and mumbles some strange words.
You are confused.
Sigmund hits you from afar with a +0 scythe.
You die...

###### ##....#
##.....#####
#####..≈@.≈#...#...
########...#.≈≈§.@♣.......
...........>♣≈≈≈.≈≈♣
............♣≈≈≈.≈≈≈♣
............♣P≈≈.PP≈♣
............♣≈≈P.≈≈≈♣
#...........♣≈≈P.≈≈≈≈.
.#..####.....♣♣≈.≈≈≈♣.
.#..........♣♣≈.P≈♣...


You could see Sigmund (misshapen).

Vanquished Creatures
  A dart slug (D:1)
  3 ball pythons
  3 endoplasms (D:1)
  A giant cockroach (D:1)
  2 goblins
  4 hobgoblins (D:1)
  4 jackals (D:1)
  A quokka (D:1)
  3 rats
22 creatures vanquished.

Vanquished Creatures (collateral kills)
  A kobold (D:1)
1 creature vanquished.

Vanquished Creatures (others)
  A plant (D:2)
1 creature vanquished.

Grand Total: 24 creatures vanquished

Notes
Turn   | Place    | Note
-------+----------+-------------------------------------------
     0 | D:1      | H0rd4k the Human Artificer began the quest for the Orb.
     0 | D:1      | Reached XP level 1. HP: 15/15 MP: 1/1
   539 | D:1      | Reached XP level 2. HP: 11/21 MP: 2/2
   707 | D:1      | HP: 1/21 [hobgoblin (4)]
  1241 | D:1      | HP: 1/21 [kobold (3)]
  1703 | D:1      | Reached XP level 3. HP: 17/26 MP: 3/3
  2068 | D:1      | Found a faded altar of an unknown god.
  2566 | D:2      | Noticed Sigmund
  2575 | D:2      | Slain by Sigmund

Illustrated notes

Levels and vault maps discovered:
D:1:      nagdon_arrival_zigzag_paths, layout_basic,
          shapermc_ecumenical_altar_flowoftime
D:2:      layout_basic, serial_bayou, serial_bayou_lake_a, serial_bayou_pond_d,
          serial_bayou_lagoon_a, serial_bayou_lagoon_b, serial_shops,
          nicolae_diamond_shop, lemuel_old_faithful, uniq_sigmund

Action                   || total
-------------------------++-------
Melee: Club              ||    57
       Dagger            ||    93
Evoke: Wand              ||     4
       Piece from Xom's  ||     1
 Stab: Sleeping          ||     2
Armor: Leather armour    ||    42
Dodge: Dodged            ||    99
